 Dungeon Crawl Stone Soup version 0.14-a0-2119-ge69afc6 (webtiles) character file.

5510 Mitsuki the Transmogrifier (level 10, -9/61 (65) HPs)
             Began as a Merfolk Transmuter on Jan 26, 2014.
             Was an Elder of Cheibriados.
             Mangled by a wyvern (14 damage)
             ... on Level 9 of the Dungeon.
             The game lasted 01:04:08 (12403 turns).

Mitsuki the Transmogrifier (Merfolk Transmuter)    Turns: 12403, Time: 01:04:08

HP  -9/61 (65)   AC  3     Str 20      XL: 10   Next: 56%
MP  13/18        EV 18     Int 23 (25) God: Cheibriados [****..]
Gold 458         SH  0     Dex 21 (23) Spells:  5 memorised,  2 levels left

rFire  . . .     SeeInvis .       - Unarmed
rCold  . . .     Clarity  .     p - +0 robe {MR+}
rNeg   . . .     Conserve .     (shield currently unavailable)
rPois  .         rCorr    .     (no helmet)
rElec  .         rRot     .     r - +0 cloak
SustAb . .       Spirit   .     (gloves currently unavailable)
rMut   .         Warding  .     (no boots)
Gourm  +         Stasis   .     o - cursed amulet of the gourmand
MR     +....                    (no ring)
                                (no ring)

@: blade hands, very slow, somewhat resistant to hostile enchantments, fairly
stealthy
A: change form in water, swift swim, low mp 1
a: End Transformation, Bend Time, Temporal Distortion, Slouch, Renounce Religion


You were on level 9 of the Dungeon.
You worshipped Cheibriados.
Cheibriados was greatly pleased with you.
You were not hungry.
Your hands were blades.
You visited 2 branches of the dungeon, and saw 10 of its levels.
You also visited: Ossuary.

You collected 458 gold pieces.

Inventory:

Missiles
 a - 63 arrows
Armour
 p - a +0 robe of magic resistance (worn)
 r - a +0 cloak (worn)
Magical devices
 f - a wand of disintegration (21)
 m - a wand of draining (6)
 y - a wand of confusion (8)
Comestibles
 b - 5 bread rations
 c - 2 apples
 g - 3 meat rations
 u - 6 honeycombs
 B - a pear
 C - a cheese
 E - 6 beef jerkies
 G - a snozzcumber
Scrolls
 e - 3 scrolls of remove curse
 i - 2 scrolls of teleportation
 l - 3 scrolls of enchant weapon I
 n - 12 scrolls of identify
 x - 4 scrolls of blinking
Jewellery
 h - a cursed ring of ice
 o - a cursed amulet of the gourmand (around neck)
 v - a cursed ring of sustenance {unknown}
Potions
 j - a potion of restore abilities {unknown}
 k - 2 potions of cure mutation
 t - 2 potions of might
 A - 2 potions of brilliance
 D - a potion of porridge
 F - a potion of curing
Books
 d - a book of Changes

   Spells                             Type                      Level
   *Beastly Appendage                 Transmutation                1
   *Sticks to Snakes                  Transmutation                2
   *Spider Form                       Transmutation/Poison         3
   *Ice Form                          Ice/Transmutation            4
   *Blade Hands                       Transmutation                5


   Skills:
 - Level 1.1 Fighting
 + Level 7.0 Dodging
 * Level 10.1 Unarmed Combat
 + Level 4.2 Spellcasting
 - Level 12.9 Transmutations
 * Level 3.6 Invocations
 - Level 0.2 Evocations


You had 2 spell levels left.
You knew the following spells:

 Your Spells              Type           Power        Failure   Level  Hunger
a - Beastly Appendage     Trmt           ######       6%          1    None
b - Spider Form           Trmt/Pois      ####......   21%         3    ###....
c - Sticks to Snakes      Trmt           ######....   8%          2    None
d - Ice Form              Ice/Trmt       ####......   45%         4    ####...
e - Blade Hands           Trmt           ######....   17%         5    #####..


Dungeon Overview and Level Annotations

Branches:
Dungeon (9/16)             Temple (1/1) D:6
    Orc: D:9-12        Lair: D:8-11

Altars:
Ashenzari
Cheibriados
Dithmengos
Elyvilon
Fedhas
Kikubaaqudgha
Makhleb
Nemelex Xobeh
Okawaru
Sif Muna
Trog
Vehumet
Xom
Yredelemnul
Zin
The Shining One

Shops:
D:9 *


Innate Abilities, Weirdness & Mutations

You revert to your normal form in water.*
You are very nimble and swift while swimming.*
Your magical capacity is low (-10% MP).


Message History

The wyvern bites you!
The orc throws a tomahawk.
The tomahawk misses you. The orc wizard casts a spell at you.
You resist with almost no effort. The wyvern misses you.
Casting: Spider Form
Confirm with . or Enter, or press ? or * to list all spells.
Your hands turn into razor-sharp scythe blades.
The wyvern closely misses you.
The orc wizard hits you but does no damage.
You slash the orc wizard!
The orc wizard is severely wounded.
The wyvern bites you!
* * * LOW HITPOINT WARNING * * *
The orc wizard points at you and mumbles some strange words.
The magic dart hits you!
* * * LOW HITPOINT WARNING * * *
Drink which item? (? for menu, Esc to quit)
Okay, then.
Use which ability? (? or * to list)
You fail to use your ability.
The wyvern bites you!
You die...

#................8
#.>...........>..+
#................
#...............
#...............
#.............)
#....%..........
#.....(...o.....
#......@ooo.o...
#......D........
#..........o...
#..............
#..............
.............
...........
......... ...


You could see an orc warrior, a wyvern, an orc wizard and 4 orcs.

Vanquished Creatures
  Maurice (D:8)
  Grinder (D:5)
  A hippogriff (D:9)
  A hungry ghost (D:9)
  A necrophage (D:7)
  A black bear (D:9)
  A phantom (D:7)
  A sky beast (D:9)
  An ogre (D:4)
  3 centaurs
  Duvessa (D:5)
  A big kobold (D:8)
  2 brain worms (D:8)
  2 giant slugs (D:8)
  Blork the orc (D:5)
  4 giant frogs
  3 elf zombies (Ossuary)
  A water moccasin (D:6)
  6 killer bees (D:7)
  5 wights (D:7)
  A giant frog zombie (D:7)
  4 goliath beetles
  Dowan (D:5)
  8 crimson imps
  The ghost of wojtek the Sneak, a weakling KoAs (D:3)
  7 orc wizards
  7 orc priests
  A giant frog skeleton (D:5)
  3 hounds
  8 worker ants
  2 orange rats (D:7)
  3 iguanas
  A killer bee zombie (D:7)
  2 scorpions
  A big kobold zombie (Ossuary)
  2 hound zombies
  Terence (D:2)
  4 mummies
  3 green rats (D:7)
  13 adders
  A worm zombie (D:4)
  A worm (D:1)
  2 giant mites
  An adder zombie (Ossuary)
  An adder skeleton (D:7)
  6 grey rats (D:7)
  4 oozes
  42 orcs
  2 bat zombies
  3 giant cockroaches
  A gnoll zombie (Ossuary)
  21 goblins
  15 hobgoblins
  7 jackals
  17 kobolds
  6 quokkas
  2 ball pythons
  12 bats
  3 giant geckos
  5 giant newts
  A goblin skeleton (D:5)
  A goblin zombie (Ossuary)
  3 hobgoblin skeletons
  A kobold skeleton (D:7)
  4 orc zombies
  32 rats
305 creatures vanquished.

Vanquished Creatures (collateral kills)
  An ogre (D:5)
  A wyvern skeleton (D:7)
  A goliath beetle (D:7)
  A quasit (D:8)
  A jelly (D:7)
  2 mummies (Ossuary)
  A giant eyeball (D:8)
  A giant gecko (D:8)
  An orc (D:5)
  A hobgoblin zombie (Ossuary)
  A rat (D:7)
12 creatures vanquished.

Vanquished Creatures (others)
  An elf zombie (Ossuary)
  A giant newt (D:2)
2 creatures vanquished.

Grand Total: 319 creatures vanquished

Notes
Turn   | Place    | Note
--------------------------------------------------------------
     0 | D:1      | Mitsuki, the Merfolk Transmuter, began the quest for the Orb.
     0 | D:1      | Reached XP level 1. HP: 15/15 MP: 3/3
   247 | D:1      | Reached XP level 2. HP: 18/21 MP: 2/4
   848 | D:1      | Reached skill level 4 in Transmutations
  1250 | D:1      | Reached XP level 3. HP: 26/26 MP: 4/6
  1287 | D:1      | Learned a level 3 spell: Spider Form
  1355 | D:2      | Reached skill level 5 in Transmutations
  1481 | D:2      | Reached XP level 4. HP: 29/32 MP: 7/7
  1513 | D:2      | Noticed Terence
  1563 | D:2      | Learned a level 2 spell: Sticks to Snakes
  1631 | D:2      | Killed Terence
  1764 | D:2      | Reached skill level 6 in Transmutations
  2402 | D:3      | Noticed wojtek's ghost (weakling KoAs)
  2428 | D:3      | Killed wojtek's ghost
  2428 | D:3      | Reached XP level 5. HP: 37/37 MP: 0/9
  2858 | D:3      | Found a sparkling altar of Nemelex Xobeh.
  3331 | D:3      | Found a deep blue altar of Sif Muna.
  3539 | D:4      | Reached XP level 6. HP: 40/43 MP: 7/10
  3699 | D:4      | Reached skill level 7 in Transmutations
  3889 | D:4      | Found a sand-covered staircase.
  4041 | Ossuary  | Entered an ossuary
  4131 | Ossuary  | Reached skill level 8 in Transmutations
  4142 | Ossuary  | Reached XP level 7. HP: 36/48 MP: 2/12
  4155 | Ossuary  | Reached skill level 9 in Transmutations
  4662 | D:4      | Learned a level 4 spell: Ice Form
  4836 | D:4      | Noticed an ogre
  4849 | D:4      | Killed an ogre
  4849 | D:4      | Reached skill level 5 in Unarmed Combat
  5143 | D:4      | Reached skill level 10 in Transmutations
  5346 | D:5      | Entered Level 5 of the Dungeon
  5748 | D:5      | Noticed Dowan
  5749 | D:5      | Noticed Duvessa
  5767 | D:5      | Reached XP level 8. HP: 54/54 MP: 10/14
  5776 | D:5      | Killed Duvessa
  5953 | D:5      | Killed Dowan
  5978 | D:5      | Paralysed by a potion of paralysis for 5 turns
  6637 | D:5      | Reached skill level 11 in Transmutations
  6706 | D:5      | Noticed Grinder
  6983 | D:5      | Killed Grinder
  7404 | D:5      | Noticed Blork the orc
  7415 | D:5      | Killed Blork the orc
  7415 | D:5      | Reached XP level 9. HP: 48/59 MP: 15/19
  7533 | D:5      | Learned a level 5 spell: Blade Hands
  8073 | D:6      | Gained mutation: Your mind is acute. (Int +2) [potion of mutation]
  8073 | D:6      | Lost mutation: Your mind is acute. (Int +2) [potion of mutation]
  8073 | D:6      | Gained mutation: Your magical capacity is low (-10% MP). [potion of mutation]
  8184 | D:6      | Found a staircase to the Ecumenical Temple.
  8705 | Temple   | Entered the Ecumenical Temple
  8792 | Temple   | Became a worshipper of Cheibriados the Contemplative
  9194 | D:6      | Reached skill level 12 in Transmutations
  9850 | D:7      | Upgraded the game from 0.14-a0-2100-g3cf34dd to 0.14-a0-2119-ge69afc6
  9958 | D:7      | Reached skill level 1 in Invocations
 10505 | D:7      | Reached skill level 5 in Dodging
 10505 | D:7      | Reached XP level 10. HP: 35/61 MP: 10/18
 11041 | D:7      | Acquired Cheibriados' first power
 11815 | D:8      | Noticed Maurice
 11833 | D:8      | Killed Maurice
 11974 | D:9      | Found Covugeg's General Store.
 11985 | D:9      | Found a shimmering altar of Xom.
 12034 | D:9      | Found an ancient bone altar of Kikubaaqudgha.
 12036 | D:9      | Found a white marble altar of Elyvilon.
 12054 | D:9      | Reached skill level 10 in Unarmed Combat
 12321 | D:9      | Found a shimmering altar of Xom.
 12343 | D:9      | Acquired Cheibriados' second power
 12403 | D:9      | Mangled by a wyvern

Action                   |  1- 3 |  4- 6 |  7- 9 | 10-12 || total
-------------------------+-------+-------+-------+-------++-------
Melee: Unarmed           |    86 |   286 |   463 |   173 ||  1008
 Cast: Beastly Appendage |    16 |    22 |     2 |     1 ||    41
       Spider Form       |     1 |    22 |    44 |    19 ||    86
       Sticks to Snakes  |       |     3 |    14 |     9 ||    26
       Blade Hands       |       |       |    18 |     7 ||    25
       Ice Form          |       |       |     5 |     3 ||     8
 Abil: End Transformatio |       |       |     3 |       ||     3
Evoke: Wand              |       |       |     1 |     3 ||     4
  Use: Potion            |     1 |     4 |    13 |     1 ||    19
       Scroll            |       |       |    15 |     4 ||    19
 Stab: Distracted        |       |       |     1 |     1 ||     2
       Invisible         |       |       |     4 |       ||     4
       Sleeping          |       |       |     2 |     2 ||     4
